 Dungeon Crawl Stone Soup version 0.30.1-4-g462c640d31 (webtiles) character file.

Game seed: 17668137047274069287

149 Janerl the Trooper (level 5, -6/48 HPs)
             Began as a Minotaur Berserker on Sept 15, 2023.
             Was a Believer of Trog.
             Mangled by an ogre
             ... wielding a +0 giant club
              (21 damage)
             ... on level 3 of the Dungeon.
             The game lasted 00:08:48 (2837 turns).

Janerl the Trooper (Minotaur Berserker)             Turns: 2837, Time: 00:08:49

Health: -6/48      AC:  9    Str: 22    XL:     5   Next: 9%
Magic:  4/4        EV: 11    Int:  6    God:    Trog [**....]
Gold:   49         SH:  6    Dex:  9    Spells: 4/4 levels left

rFire   . . .        j - +2 dagger (protect)
rCold   . . .        m - +0 kite shield
rNeg    . . .        b - +0 animal skin
rPois   .            (helmet restricted)
rElec   .            (no cloak)
rCorr   .            (no gloves)
SInv    .            (no boots)
Will    .....        (no amulet)
Stlth   +            (no ring)
HPRegen 0.28/turn    (no ring)
MPRegen 0.09/turn

%: no passive effects
@: under a protective aura
A: horns 2, retaliatory headbutt
a: Renounce Religion, Berserk, Trog's Hand


You were on level 3 of the Dungeon.
You worshipped Trog.
Trog was pleased with you.
You visited 1 branch of the dungeon, and saw 3 of its levels.

You collected 174 gold pieces.
You spent 125 gold pieces at shops.

Inventory:

Hand Weapons
 a - a +0 hand axe
 j - a +2 dagger of protection (weapon)
Armour
 b - a +0 animal skin (worn)
 m - a +0 kite shield (worn)
Jewellery
 k - a ring of fire
Wands
 l - a wand of polymorph (9)
Scrolls
 c - 3 scrolls of blinking {unknown}
 d - 4 scrolls of identify {unknown}
 f - a scroll of immolation {unknown}
 g - a scroll of noise {unknown}
 i - a scroll of teleportation {unknown}
 n - a scroll of enchant armour {unknown}
 o - a scroll of summoning {unknown}
 p - a scroll of acquirement {unknown}
Potions
 e - 2 potions of heal wounds
 h - a potion of curing {unknown}


   Skills:
 + Level 5.3 Fighting
 + Level 5.0 Axes
 + Level 2.6 Armour
 + Level 3.1 Dodging
 + Level 0.2 Stealth


You had 4 spell levels left.
You didn't know any spells.
Your spell library was empty.

Dungeon Overview and Level Annotations

Branches:
Dungeon (3/15)

Altars:
Uskayaw

Shops:
D:1 (   D:2 ***[!


Innate Abilities, Weirdness & Mutations

You have a pair of horns on your head.
You reflexively headbutt those who attack you in melee.


Message History

Jesahg's ghost is almost destroyed.
You block jesahg's ghost's attack.
You hit jesahg's ghost.
Jesahg's ghost is almost destroyed.
Jesahg's ghost barely misses you.
You hit jesahg's ghost. You headbutt jesahg's ghost.
You destroy jesahg's ghost!
Trog accepts your kill.
Your Fighting skill increases to level 5!
Your Dodging skill increases to level 3!
You have reached level 5!
You start resting.
HP restored.
There is a transporter here.
You enter the transporter and appear at another place.
The ogre attacks as you move away! You block the ogre's attack.
The ogre attacks as you move away! The ogre hits you with a +0 giant club!
There is a transporter here.
You enter the transporter and appear at another place.
The ogre misses you.
You hit the ogre.
Your weapon exudes an aura of protection.
The ogre is lightly wounded.
The ogre closely misses you.
You hit the ogre. You headbutt the ogre.
The ogre is moderately wounded.
The ogre completely misses you.
You hit the ogre but do no damage. You headbutt the ogre!
The ogre is heavily wounded.
You hit the ogre. You headbutt the ogre.
The ogre is almost dead.
The ogre hits you with a +0 giant club!
You barely miss the ogre.
The ogre is almost dead.
The ogre hits you with a +0 giant club!
* * * LOW HITPOINT WARNING * * *
You hit the ogre. Your headbutt misses the ogre.
The ogre is almost dead.
The ogre hits you with a +0 giant club!!
You die...

#.#
#.#......####.)))...#...#.##
..#
#.#.##......)....#####.##...
### #.#.#########.####
#.##### #.#########...# #.# #
#.##.....©#...# #.# #
######.##.#..#.#...# #.#
.......##..##..#...# #.#
#.......#..##$.#...# #.#
#########.#..#O#@..# #.#####
# #©....(#O..# #...... #
#.#..#?#©..# ####### #
#..##..#...# #..##..#...# ##
#.#..#.#...# ########### .#
#......#...# #.......... .#
############...####.#########
.####...#########.......#


You could see 2 ogres.

Vanquished Creatures
  The ghost of jesahg the Cudgeller, a weakling TrBe of Trog (D:3)
  Robin (D:3)
  4 adders
  A worm (D:2)
  An orc (D:3)
  An endoplasm (D:3)
  A giant cockroach (D:3)
  10 hobgoblins
  3 jackals (D:3)
  A ball python (D:3)
  3 bats
  4 frilled lizards
  14 goblins
  3 kobolds (D:1)
  2 rats
50 creatures vanquished.

Notes
Turn   | Place    | Note
-------+----------+-------------------------------------------
     0 | D:1      | Janerl the Minotaur Berserker began the quest for the Orb.
     0 | D:1      | Reached XP level 1. HP: 19/19 MP: 0/0
   176 | D:1      | Found a faded altar of an unknown god.
   329 | D:1      | Found Oro Evukh's Antique Weapon Shop.
   969 | D:2      | Found a transporter.
   969 | D:2      | Found Bolayxed's Distillery.
  1019 | D:2      | Found a transporter.
  1028 | D:2      | Bought a potion of heal wounds for 70 gold pieces
  1097 | D:2      | Reached XP level 2. HP: 21/27 MP: 1/1
  1475 | D:2      | Found Raclar's Antique Armour Shop.
  1512 | D:2      | Found Ysysi's General Store.
  1517 | D:2      | Found Wistraf's Assorted Antiques.
  1518 | D:2      | Bought a potion of heal wounds for 55 gold pieces
  1527 | D:2      | Reached XP level 3. HP: 18/34 MP: 2/2
  1715 | D:2      | Found Cotaluhigu's General Store.
  1935 | D:3      | Found a transporter.
  1939 | D:3      | Noticed Robin
  1946 | D:3      | Killed Robin
  1948 | D:3      | Reached XP level 4. HP: 27/41 MP: 3/3
  1953 | D:3      | Reached ** piety under Trog
  1965 | D:3      | Reached skill level 5 in Axes
  2006 | D:3      | Found a hide-covered altar of Uskayaw.
  2207 | D:3      | Found a transporter.
  2208 | D:3      | Noticed jesahg's ghost (weakling TrBe)
  2208 | D:3      | Noticed an ogre
  2210 | D:3      | Noticed an ogre
  2738 | D:3      | Killed jesahg's ghost
  2739 | D:3      | Reached skill level 5 in Fighting
  2739 | D:3      | Reached XP level 5. HP: 26/48 MP: 4/4
  2837 | D:3      | Mangled by an ogre

Illustrated notes

Levels and vault maps discovered:
D:1:      matt_arrival_los_fun, layout_loops_ring,
          hellmonk_ecumenical_altar_crossroads, serial_shops, shop
D:2:      layout_loops_ring, serial_shops, shop, shop, nicolae_shop_drivethru,
          nicolae_shop_overgrown_old_shop, nicolae_shop_hallway_stairs,
          minmay_goblin_outpost
D:3:      layout_loops_ring, mainiacjoe_overflow_surrounded_room,
          gammafunk_ghost_smash, minmay_misc_feat_five,
          corexii_hall_statues_deadend, uniq_robin

Skill      XL: |  1  2  3  4 |
---------------+-------------+-----
Axes           | 4 5 |  5.0
Fighting       | 4 5 |  5.3
Dodging        | 3 |  3.1
Armour         | |  2.6
Stealth        | |  0.2

Action                     |  1- 3 |  4- 6 || total
---------------------------+-------+-------++-------
  Melee: Hand axe          |    67 |    16 ||    83
         Headbutt          |    12 |    10 ||    22
         Punch             |     1 |       ||     1
         Dagger            |       |    26 ||    26
 Invoke: Berserk           |     1 |       ||     1
    Use: Potion            |       |     2 ||     2
 Armour: Animal skin       |    15 |     7 ||    22
  Dodge: Dodged            |    48 |    26 ||    74
  Block: Kite shield       |       |     2 ||     2
